 Dungeon Crawl Stone Soup version 0.25.1-8-g42b30a86e7 (webtiles) character file.

Game seed: 10022468491598298066

32179 Gabide the Cruncher (level 14, -2/106 HPs)
             Began as a Human Abyssal Knight on Dec 4, 2020.
             Was a High Priest of Lugonu.
             Slain by an eight-headed hydra (11 damage)
             ... on level 1 of the Lair of Beasts.
             The game lasted 01:07:54 (20092 turns).

Gabide the Cruncher (Human Abyssal Knight)         Turns: 20092, Time: 01:07:56

Health: -2/106     AC: 29    Str: 16    XL:     14   Next: 1%
Magic:  21/21      EV:  9    Int: 13    God:    Lugonu [*****.]
Gold:   244        SH:  0    Dex: 14    Spells: 13/13 levels left

rFire    . . .     SeeInvis +   w - +4 quarterstaff (chaos)
rCold    . . .     Gourm    .   (shield currently unavailable)
rNeg     . . .     Faith    +   m - +2 plate armour {rPois}
rPois    +         Spirit   .   k - +2 helmet
rElec    .         Reflect  .   x - +0 cloak
rCorr    .         Harm     .   B - +0 pair of gloves
MR       +....                  b - +1 pair of boots
Stlth    ..........             J - amulet of faith
HPRegen  0.27/turn              n - +4 ring of protection
MPRegen  0.17/turn              G - ring of see invisible

@: mighty
A: no striking features
a: Depart the Abyss, Bend Space, Banish, Corrupt, Enter the Abyss, Renounce
Religion


You were on level 1 of the Lair of Beasts.
You worshipped Lugonu.
Lugonu was extremely pleased with you.
You were hungry.

You visited 2 branches of the dungeon, and saw 14 of its levels.
You visited the Abyss 1 time.
You also visited: Sewer and Volcano.

You collected 964 gold pieces.
You spent 720 gold pieces at shops.

Inventory:

Hand Weapons
 f - a +2 flail of protection
 h - the +11 war axe of the Elven Halls {speed, *Noise rF+++ rC++ Dex+2}
   (You found it on level 11 of the Dungeon)

   Attacks with this weapon are significantly faster.
   It affects your dexterity (+2).
   It renders you almost immune to fire.
   It greatly protects you from cold.
   It may make noises in combat.
 r - a +1 vorpal battleaxe
 w - a +4 quarterstaff of chaos (weapon)
Missiles
 o - 30 poisoned darts (quivered)
Armour
 b - a +1 pair of boots (worn)
 k - a +2 helmet (worn)
 l - the +4 plate armour "Timeixosm" {-Cast MP+9 Str+4}
   (You found it on level 8 of the Dungeon)

   It affects your strength (+4).
   It affects your magic capacity (+9).
   It prevents spellcasting.
 m - a +2 plate armour of poison resistance (worn)
 x - a +0 cloak (worn)
 B - a +0 pair of gloves (worn)
Jewellery
 d - an uncursed ring of protection from cold
 j - an uncursed ring of resist corrosion
 n - a +4 ring of protection (left hand)
 v - an uncursed ring of poison resistance
 E - an uncursed ring of protection from fire
 G - a ring of see invisible (right hand)
 J - an amulet of faith (around neck)
Wands
 a - a wand of clouds (1)
 i - a wand of digging (8)
 A - a wand of paralysis (11)
 F - a wand of iceblast (4)
Scrolls
 e - 6 scrolls of remove curse
 p - 2 scrolls of magic mapping
 y - 2 scrolls of amnesia
 z - 2 scrolls of identify
Potions
 g - 2 potions of stabbing
 q - 2 potions of magic
 D - 3 potions of flight
 H - a potion of berserk rage
 I - a potion of curing
Miscellaneous
 L - a phantom mirror
Comestibles
 c - 17 rations
 K - 8 chunks of flesh


   Skills:
 * Level 8.6 Fighting
 * Level 9.1(9.8) Axes
 - Level 4.2(10.0) Maces & Flails
   Level 3.4(9.7) Polearms
 - Level 10.9(11.4) Staves
 + Level 9.8 Armour
 + Level 8.2 Dodging
 - Level 0.4 Stealth
 + Level 10.1 Invocations
 + Level 1.3 Evocations


You had 13 spell levels left.
You didn't know any spells.
Your spell library contained the following spells:

 Spells                   Type           Power        Failure   Level  Hunger
 Foxfire                  Conj/Fire      #...         100%        1    ##.....
 Shock                    Conj/Air       #...         100%        1    ##.....
 Swiftness                Chrm/Air       #.......     100%        2    ###....
 Conjure Flame            Conj/Fire      #.......     100%        3    ####...
 Inner Flame              Hex/Fire       #.......     100%        3    ####...
 Static Discharge         Conj/Air       #.......     100%        3    ####...
 Airstrike                Air            #.........   100%        4    #####..
 Sticky Flame             Conj/Fire      #.......     100%        4    #####..
 Bolt of Magma            Conj/Fire/Erth #.........   100%        5    ######.
 Fireball                 Conj/Fire      #.........   100%        5    ######.
 Iskenderun's Battlesphe  Conj/Chrm      #.......     100%        5    ######.
 Lightning Bolt           Conj/Air       #.........   100%        5    ######.
 Iron Shot                Conj/Erth      #.........   100%        6    #######
 Orb of Destruction       Conj           #.........   100%        7    #######
 Spellforged Servitor     Conj/Summ      #.........   100%        7    #######


Dungeon Overview and Level Annotations

Branches:
Dungeon (13/15)            Temple (0/1) D:6            Lair (1/6) D:9
    Orc (0/2) D:12          Sewer (visited)         Volcano (visited)
 Vaults: D:13-14

Altars:
Ashenzari
Cheibriados
Dithmenos
Fedhas
Nemelex Xobeh
Okawaru
Sif Muna
Vehumet
Wu Jian
Xom

Shops:
D:7 =   D:12 (

Annotations:
D:13 corrupted


Message History

The eight-headed hydra is lightly wounded.
The eight-headed hydra bites you! The eight-headed hydra bites you.
The eight-headed hydra bites you but does no damage.
The eight-headed hydra misses you. The eight-headed hydra bites you!
The eight-headed hydra bites you but does no damage. x3
You hit the eight-headed hydra.
The eight-headed hydra is lightly wounded.
You sock the eight-headed hydra! You freeze the eight-headed hydra.
The eight-headed hydra is moderately wounded.
The eight-headed hydra bites you but does no damage. x2
The eight-headed hydra bites you.
* * * LOW HITPOINT WARNING * * *
The eight-headed hydra barely misses you.
The eight-headed hydra bites you!
* * * LOW HITPOINT WARNING * * *
The eight-headed hydra bites you!
* * * LOW HITPOINT WARNING * * *
The eight-headed hydra bites you but does no damage.
The eight-headed hydra bites you!
You die...

## #### ###
###.#######.P####.##
....................
....................
#######.#.###.#######.
#P..DP#..##.#.# #.
#.###@#.#.#...# #.
#.+)#†'.#####.# #. #
#!###.#.##....# #. #.
#P...P#....#..# #.
#.#######)#.#.#.###+###.
#......÷..#.#.#.........
#.##.#..##.##..####.##..
#.#.###.#.#.#.##...####.
#...#####.#)#####......†


You could see an eight-headed hydra.

Vanquished Creatures
  A fire giant (D:11)
  A stone giant (Volcano)
  Snorg (D:11)
  A hydra (Lair:1)
  Erica (D:11)
  6 two-headed ogres
  A lindwurm (Lair:1)
  Pikel (D:7)
  A mana viper (shapeshifter) (D:11)
  An ugly thing (shapeshifter) (D:10)
  2 ugly things
  2 cyclopes (D:13)
  A centaur zombie (D:12)
  Maurice (D:13)
  Joseph (D:7)
  2 gargoyles
  3 komodo dragons (Lair:1)
  An efreet (Volcano)
  A troll (D:10)
  A hornet (D:13)
  A hornet (shapeshifter) (D:7)
  7 hippogriffs
  2 fire elementals (Volcano)
  14 yaks
  Eustachio (D:4)
  8 fire bats (Volcano)
  6 wyverns
  A hog (shapeshifter) (D:11)
  A human (shapeshifter) (D:7)
  2 hungry ghosts (D:11)
  Edmund (D:4)
  3 water moccasins
  A swamp drake (D:9)
  2 porcupines (Lair:1)
  4 ice beasts
  7 orc warriors
  A sky beast (D:13)
  Purgy (Sewer)
  5 phantoms
  A slave (D:7)
  2 black bears
  A necrophage (D:11)
  6 ogres
  A wolf (Lair:1)
  14 centaurs
  5 crocodiles
  3 big kobolds
  10 bullfrogs
  A wyvern zombie (D:11)
  A wyvern skeleton (D:11)
  4 scorpions
  16 killer bees
  3 wights
  10 howler monkeys
  9 lava snakes (Volcano)
  5 crimson imps
  A quasit (D:5)
  4 orc priests
  12 orc wizards
  2 bullfrog skeletons
  Crazy Yiuf (D:5)
  8 hounds
  2 jellies
  A centaur skeleton (D:8)
  6 iguanas
  Natasha (thrice) (D:4)
  14 worker ants
  A howler monkey zombie (D:7)
  2 worker ant zombies
  7 gnolls
  2 howler monkey skeletons
  13 adders
  3 shadow imps
  3 oozes
  An adder zombie (D:5)
  3 worms
  3 dart slugs
  4 leopard geckos
  59 orcs
  3 ball pythons
  3 giant cockroaches (D:1)
  7 goblins
  10 hobgoblins
  8 jackals
  7 quokkas
  8 bats
  10 frilled lizards
  16 kobolds
  A leopard gecko skeleton (D:7)
  7 rats
425 creatures vanquished.

Vanquished Creatures (others)
  A slime creature (D:13)
  An ettin (D:11)
  A fire dragon (D:11)
  An unseen horror (D:13)
  A manticore (D:11)
  A centaur skeleton (D:13)
  A hippogriff (shapeshifter) (D:13)
  2 vampires
  A yak (D:11)
  A basilisk (D:13)
  4 bullfrogs (D:13)
  4 killer bees (D:13)
  A wight (D:11)
  2 hounds (D:13)
  A wyvern simulacrum (D:13)
  A jelly (D:7)
  2 orc priests (D:13)
  A bullfrog skeleton (D:7)
  An orc wizard (D:3)
  2 orcs (D:9)
  A giant cockroach (D:7)
31 creatures vanquished.

Grand Total: 456 creatures vanquished

Notes
Turn   | Place    | Note
-------+----------+-------------------------------------------
     0 | Abyss:1  | Gabide the Human Abyssal Knight began the quest for the
                  | Orb.
     0 | Abyss:1  | Reached XP level 1. HP: 18/18 MP: 2/2
    31 | Abyss:1  | Noticed a wretched star
    32 | D:1      | Escaped the Abyss
   338 | D:1      | Reached XP level 2. HP: 24/24 MP: 3/3
   346 | D:1      | Reached * piety under Lugonu
   692 | D:1      | Reached XP level 3. HP: 28/29 MP: 4/4
  1213 | D:2      | Reached XP level 4. HP: 30/36 MP: 5/5
  1799 | D:2      | Reached ** piety under Lugonu
  1844 | D:2      | Found a blossoming altar of Fedhas.
  1905 | D:2      | Reached XP level 5. HP: 42/42 MP: 6/6
  2089 | D:3      | Found a shimmering blue altar of Sif Muna.
  2541 | D:3      | Found a glowing drain.
  2546 | Sewer    | Entered a sewer
  2707 | Sewer    | Noticed Purgy
  2715 | Sewer    | Reached XP level 6. HP: 24/48 MP: 8/8
  2722 | Sewer    | HP: 2/48 [Purgy (1)]
  2780 | Sewer    | Killed Purgy
  2780 | Sewer    | Reached skill level 1 in Axes
  3283 | D:4      | Noticed Edmund
  3283 | D:4      | Noticed a phantom
  3293 | D:4      | Killed Edmund
  3293 | D:4      | Reached XP level 7. HP: 29/54 MP: 9/9
  3883 | D:4      | Noticed Eustachio
  3965 | D:4      | Killed Eustachio
  3965 | D:4      | Reached XP level 8. HP: 35/61 MP: 11/11
  4124 | D:4      | Noticed Natasha
  4130 | D:4      | Killed Natasha
  4181 | D:4      | Found Wicvoim's Armour Shop.
  4560 | D:4      | Noticed Natasha
  4565 | D:4      | Killed Natasha
  4699 | D:4      | Noticed Natasha
  4706 | D:4      | Killed Natasha
  4743 | D:5      | Entered Level 5 of the Dungeon
  4848 | D:5      | Reached *** piety under Lugonu
  5133 | D:5      | Found a radiant altar of Vehumet.
  5271 | D:5      | Reached skill level 5 in Fighting
  5381 | D:5      | Found a runed translucent door.
  5383 | D:5      | Noticed Crazy Yiuf
  5411 | D:5      | Killed Crazy Yiuf
  5584 | D:5      | Reached skill level 5 in Invocations
  5614 | D:5      | Found an ornate altar of the Wu Jian Council.
  5839 | D:5      | Reached skill level 1 in Staves
  5839 | D:5      | Reached XP level 9. HP: 64/68 MP: 12/12
  6420 | D:6      | Found a staircase to the Ecumenical Temple.
  6451 | D:6      | Reached skill level 5 in Dodging
  6619 | D:6      | Found an iron altar of Okawaru.
  7608 | D:7      | Found a snail-covered altar of Cheibriados.
  7609 | D:7      | Noticed Pikel
  7638 | D:7      | Killed Pikel
  7731 | D:7      | Noticed Joseph
  7754 | D:7      | Killed Joseph
  7754 | D:7      | Reached skill level 5 in Staves
  7754 | D:7      | Reached XP level 10. HP: 16/76 MP: 14/14
  7757 | D:7      | Reached **** piety under Lugonu
  8133 | D:7      | Found Apaonk's Jewellery Shop.
  8147 | D:7      | Bought an uncursed ring of poison resistance for 240 gold
                  | pieces
  8419 | D:7      | Found a shattered altar of Ashenzari.
  8749 | D:8      | Got an ancient plate armour
  8750 | D:8      | Identified the +4 plate armour "Timeixosm" {-Cast MP+9
                  | Str+4} (You found it on level 8 of the Dungeon)
  9276 | D:8      | Found a sparkling altar of Nemelex Xobeh.
  9351 | D:8      | Found a shimmering altar of Xom.
  9780 | D:8      | Found a shadowy altar of Dithmenos.
  9923 | D:9      | Noticed a two-headed ogre
  9939 | D:9      | Killed a two-headed ogre
  9939 | D:9      | Reached skill level 5 in Armour
  9942 | D:9      | Reached XP level 11. HP: 35/83 MP: 16/16
 10337 | D:9      | Found a staircase to the Lair.
 10637 | D:9      | Reached ***** piety under Lugonu
 11209 | D:9      | Noticed a red ugly thing
 11228 | D:9      | Killed a red ugly thing
 11436 | D:10     | Entered Level 10 of the Dungeon
 11596 | D:10     | Noticed a two-headed ogre
 11611 | D:10     | Killed a two-headed ogre
 12902 | D:11     | Noticed a red ugly thing
 13291 | D:10     | Killed a brown ugly thing
 13578 | D:11     | Reached XP level 12. HP: 35/91 MP: 18/18
 13896 | D:11     | Found a shimmering blue altar of Sif Muna.
 14034 | D:11     | Noticed Erica
 14042 | D:11     | Noticed an ettin
 14047 | D:11     | Banished an ettin
 14053 | D:11     | Killed Erica
 14053 | D:11     | Reached skill level 10 in Staves
 14065 | D:11     | Noticed a two-headed ogre
 14072 | D:11     | Killed a two-headed ogre
 14101 | D:11     | Noticed a two-headed ogre
 14526 | D:11     | Killed a two-headed ogre
 14836 | D:11     | Noticed Snorg
 14885 | D:11     | Killed Snorg
 15201 | D:11     | Noticed a two-headed ogre
 15212 | D:11     | Killed a two-headed ogre
 15509 | D:11     | Noticed a fire dragon
 15842 | D:11     | Banished a fire dragon
 16005 | D:11     | Noticed a fire giant
 16022 | D:11     | Killed a fire giant
 16022 | D:11     | Reached XP level 13. HP: 80/98 MP: 20/20
 16072 | D:11     | Got a polished war axe
 16073 | D:11     | Identified the +11 war axe of the Elven Halls {speed,
                  | *Noise rF+++ rC++ Dex+2} (You found it on level 11 of the
                  | Dungeon)
 16265 | D:12     | Reached skill level 10 in Invocations
 16315 | D:12     | Reached skill level 1 in Evocations
 16580 | D:12     | Found a staircase to the Orcish Mines.
 16580 | D:12     | Found Usaqeewn's Weapon Shoppe.
 17020 | D:13     | Reached skill level 5 in Axes
 17032 | D:13     | Noticed Maurice
 17051 | D:13     | Killed Maurice
 17064 | D:13     | Corrupted D:13
 17064 | D:13     | Noticed a starcursed mass
 17064 | D:13     | Noticed a great orb of eyes
 17065 | D:13     | Noticed a tentacled starspawn
 17065 | D:13     | Noticed a starcursed mass
 17078 | D:13     | HP: 3/98 [killer bee (6)]
 17742 | D:13     | Noticed an iron dragon
 17792 | D:13     | HP: 4/98 [iron dragon/spray of metal splinters (31)]
 17802 | D:13     | HP: 4/98 [gargoyle/stone arrow (1)]
 18411 | D:7      | Bought an uncursed ring of protection from fire for 300
                  | gold pieces
 18413 | D:7      | Bought an uncursed ring of see invisible for 180 gold
                  | pieces
 18680 | Lair:1   | Entered Level 1 of the Lair of Beasts
 19094 | Lair:1   | Found a dark tunnel.
 19102 | Volcano  | Entered a volcano
 19363 | Volcano  | Noticed a stone giant
 19390 | Volcano  | Killed a stone giant
 19703 | Volcano  | Found a burning altar of Makhleb.
 20068 | Lair:1   | Noticed a four-headed hydra
 20068 | Lair:1   | Noticed an eight-headed hydra
 20088 | Lair:1   | Killed a five-headed hydra
 20088 | Lair:1   | Reached XP level 14. HP: 52/106 MP: 21/21
 20092 | Lair:1   | Slain by an eight-headed hydra

Illustrated notes

Levels and vault maps discovered:
D:1:      nzn_arrival_crosshair, layout_loops_ring
D:2:      layout_rooms, lemuel_coloured_pillars_altar
D:3:      layout_rooms, led_sif_book, portal_sewer_entry_e
D:4:      layout_basic, serial_shops, shop, first_ration, uniq_eustachio,
          uniq_natasha, uniq_edmund
D:5:      layout_loops_corners, lemuel_crystal_altar, vehumet_altar_wand_db,
          roderic_roman_lattice, uniq_crazy_yiuf_cottage
D:6:      layout_basic, marbit_many_paths, minmay_temple_entry_crystal_x
D:7:      layout_basic, old_standard_altar, kennysheep_little_box, serial_shops,
          nicolae_shop_behind_doors, grunt_ogre_cave, uniq_joseph, uniq_pikel
D:8:      layout_loops_corners, lemuel_crystal_altar, kennysheep_mini_moat,
          basic_altar, minmay_orc_keep
D:9:      layout_roguey, erik_lair_dragon
D:10:     layout_stronghold
D:11:     minmay_chopped_fan, layout_gridville, basic_altar, grunt_ministairs_4,
          uniq_snorg, uniq_erica
D:12:     layout_roguey, orc_david_3
D:13:     kennysheep_green_arena, layout_basic, david_vaults_5, uniq_maurice
Lair:1:   layout_big_grid, nicolae_volcano_entry_vermiform,
          minmay_shattered_shrine

Skill      XL: |  1  2  3  4  5  6  7  8  9 10 11 12 13 |
---------------+----------------------------------------+-----
Polearms       | 3 |  3.4
Dodging        | 2 3 4 5 6 7 8 |  8.2
Invocations    | 3 4 5 6 7 8 9 10 | 10.1
Fighting       | 4 5 6 7 8 |  8.6
Axes           | 1 2 9 |  9.1
Armour         | 3 4 5 7 9 |  9.8
Maces & Flails | 2 4 |  4.2
Staves         | 1 5 7 9 10 | 10.9
Evocations     | 1 |  1.3
Stealth        | |  0.4

Action                   |  1- 3 |  4- 6 |  7- 9 | 10-12 | 13-15 || total
-------------------------+-------+-------+-------+-------+-------++-------
Melee: Spear             |   121 |   168 |       |       |       ||   289
       War axe           |       |    79 |    23 |       |   297 ||   399
       Flail             |       |       |   232 |       |       ||   232
       Quarterstaff      |       |       |   157 |   727 |    19 ||   903
Throw: Dart              |       |     4 |    32 |    42 |    21 ||    99
       Throwing net      |       |       |     1 |     4 |       ||     5
Invok: Depart the Abyss  |     1 |       |       |       |       ||     1
       Bend Space        |       |       |       |     9 |     3 ||    12
       Banish            |       |       |       |     7 |     1 ||     8
       Corrupt           |       |       |       |       |     1 ||     1
Evoke: Wand              |       |       |       |    11 |     9 ||    20
  Use: Scroll            |     1 |    10 |     5 |    10 |     6 ||    32
       Potion            |       |     7 |     2 |     4 |     2 ||    15
 Stab: Sleeping          |     1 |     1 |     3 |     3 |       ||     8
       Paralysed         |       |       |     1 |    18 |     4 ||    23
       Held in net/web   |       |       |       |     2 |       ||     2
       Confused          |       |       |       |     7 |       ||     7
       Petrifying        |       |       |       |     3 |       ||     3
       Invisible         |       |       |       |     7 |       ||     7
  Eat: Chunk             |     1 |     7 |    12 |    15 |     5 ||    40
       Ration            |       |       |     1 |     5 |     2 ||     8
Armor: Leather armour    |    28 |   141 |   268 |    20 |       ||   457
       Skin              |       |       |     8 |    12 |       ||    20
       Plate armour      |       |       |       |   481 |   264 ||   745
Dodge: Dodged            |    53 |   186 |   401 |   384 |   140 ||  1164
